 Seeded DCSS version 0.29-a0-830-gcb1280458a (webtiles) character file.

Game seed: 2856915604255414747 (custom seed)

402 wilfster70 the Digger (level 6, -2/38 HPs)
             Began as a Gargoyle Earth Elementalist on July 11, 2022.
             Slain by Edmund
             ... wielding a +1 flail of protection
              (8 damage)
             ... on level 4 of the Dungeon.
             The game lasted 00:06:55 (2872 turns).

wilfster70 the Digger (Gargoyle Earth Elementalist) Turns: 2872, Time: 00:06:56

Health: -2/38      AC:  6    Str:  8 (11) XL:     6   Next: 85%
Magic:  6/12       EV: 11    Int: 15 (18) God:
Gold:   166        SH:  0    Dex:  8 (10) Spells: 9/13 levels left

rFire   . . .      SeeInvis .   a - +2 short sword (venom)
rCold   . . .      Faith    .   (no shield)
rNeg    + . .      Spirit   .   e - +0 robe
rPois   ∞          Reflect  .   (no helmet)
rElec   +          Harm     .   (no cloak)
rCorr   .          Rampage  .   (no gloves)
Will    .....                   (no boots)
Stlth   ++........              (no amulet)
HPRegen 0.12/turn               o - ring of flight
MPRegen 0.13/turn               (no ring)

@: flying
A: sickness immunity, AC +4, negative energy resistance 1, electricity
resistance, torment resistance 1, petrification resistance
a: no special abilities


You were on level 4 of the Dungeon.
You visited 1 branch of the dungeon, and saw 4 of its levels.

You collected 166 gold pieces.

Inventory:

Hand Weapons
 a - a +2 short sword of venom (weapon)
 b - a +0 sling
Missiles
 i - 2 javelins
 l - 9 poisoned darts
Armour
 e - a +0 robe (worn)
Jewellery
 o - a ring of flight (left hand)
Wands
 j - a wand of digging (5)
Scrolls
 c - a scroll of poison
 d - 2 scrolls of fear
 f - a scroll of enchant weapon
 g - 2 scrolls of teleportation
 k - a scroll of enchant armour
 m - a scroll of magic mapping
Potions
 h - 2 potions of magic
 n - a potion of cancellation


   Skills:
 + Level 4.0 Fighting
 - Level 1.5 Dodging
 - Level 2.1 Stealth
 + Level 4.1 Spellcasting
 - Level 0.7 Transmutations
 - Level 6.0 Earth Magic


You had 9 spell levels left.
You knew the following spells:

 Your Spells              Type           Power      Damage    Failure   Level
a - Sandblast             Erth           42%        2d11      1%          1
b - Stone Arrow           Conj/Erth      24%        3d8       16%         3

Your spell library contained the following spells:

 Spells                   Type           Power      Damage    Failure   Level
 Passwall                 Tmut/Erth      10%        N/A       7%          2
 Ensorcelled Hibernation  Hex/Ice        6%         N/A       26%         2
 Static Discharge         Conj/Air       3%         3-4/arc   26%         2
 Petrify                  Tmut/Erth      13%        N/A       41%         4
 Inner Flame              Hex/Fire       3%         N/A       47%         3
 Swiftness                Air            3%         N/A       47%         3
 Cause Fear               Hex            1%         N/A       87%         4
 Irradiate                Conj/Tmut      2%         3d12      99%         5
 Lightning Bolt           Conj/Air       1%         1d12      99%         5
 Discord                  Hex            1%         N/A       100%        8
 Maxwell's Capacitive Co  Air            1%         ∞         100%        8
 Sublimation of Blood     Necr           Unusable   N/A       N/A         2

Dungeon Overview and Level Annotations

Branches:
Dungeon (4/15)
 Temple: D:4-7

Altars:

Annotations:
D:2 Sigmund
D:4 Edmund


Innate Abilities, Weirdness & Mutations

You are immune to sickness and miasma.
Your stone body is resilient. (AC +4)
You are immune to poison.
You resist negative energy. (rN+)
You are resistant to electric shocks. (rElec)
You are resistant to unholy torment.
You are immune to petrification.


Message History

Casting: Sandblast (safe; 1% risk of failure)
Confirm with . or Enter, or press ? or * to list all spells.
Aiming: Sandblast (safe; 1% risk of failure)
Press: ? - help, Shift-Dir - straight line, f/p - Edmund
Aim: Edmund, wielding a +1 flail of protection and wearing a +2 scale mail of fire resistance (83% to hit)
The blast of sand hits Edmund but does no damage.
Edmund hits you with a +1 flail of protection.
Edmund hits you but does no damage.
Casting: Sandblast (safe; 1% risk of failure)
Confirm with . or Enter, or press ? or * to list all spells.
Aiming: Sandblast (safe; 1% risk of failure)
Press: ? - help, Shift-Dir - straight line, f/p - Edmund
Aim: Edmund, wielding a +1 flail of protection and wearing a +2 scale mail of fire resistance (83% to hit)
The blast of sand hits Edmund but does no damage.
Edmund hits you with a +1 flail of protection!
Edmund completely misses you.
Casting: Sandblast (safe; 1% risk of failure)
Confirm with . or Enter, or press ? or * to list all spells.
Aiming: Sandblast (safe; 1% risk of failure)
Press: ? - help, Shift-Dir - straight line, f/p - Edmund
Aim: Edmund, wielding a +1 flail of protection and wearing a +2 scale mail of fire resistance (83% to hit)
The blast of sand hits Edmund but does no damage.
Edmund hits you but does no damage. Edmund closely misses you.
Edmund barely misses you.
Found a tapered silver wand.
Okay, then.
Unknown command.
Your +2 short sword of venom begins to drip with poison!
a - a +2 short sword of venom (weapon)
You barely miss Edmund.
Edmund hits you with a +1 flail of protection!
* * * LOW HITPOINT WARNING * * *
You closely miss Edmund. Edmund closely misses you.
Edmund hits you with a +1 flail of protection.
* * * LOW HITPOINT WARNING * * *
It was a potion of degeneration.
There was something very wrong with that liquid.
You feel weakened.
You feel dopey.
You feel clumsy.
Edmund hits you with a +1 flail of protection!
You die...

#....#.# #.#
#....#.# #.#
#....#.#
####.######
#....#.#
#.........##
######## #......#
#.##.#.....#
#...).o. ###.#### #
#.......# #.######
... ###.....###.#
.###.####....)....#
.......@@..#.######
/.....#####.##
.##.. ### #. #. ..
.


You could see Edmund.

Vanquished Creatures
  Grinder (D:4)
  A necrophage (D:4)
  Jessica (D:2)
  Natasha (twice) (D:2)
  A gnoll (D:1)
  An adder (D:3)
  4 dart slugs
  4 orcs
  4 endoplasms
  2 giant cockroaches
  3 goblins
  7 hobgoblins
  4 quokkas (D:1)
  3 ball pythons
  5 bats
  3 frilled lizards
  6 kobolds
  A rat (D:3)
53 creatures vanquished.

Vanquished Creatures (others)
  2 fungi (D:4)
2 creatures vanquished.

Grand Total: 55 creatures vanquished

Notes
Turn   | Place    | Note
-------+----------+-------------------------------------------
     0 | D:1      | wilfster70 the Gargoyle Earth Elementalist began the quest
                  | for the Orb.
     0 | D:1      | Reached XP level 1. HP: 10/10 MP: 3/3
   104 | D:1      | Reached skill level 4 in Earth Magic
   104 | D:1      | Reached XP level 2. HP: 13/16 MP: 1/5
   534 | D:1      | Reached skill level 1 in Fighting
   700 | D:1      | Reached XP level 3. HP: 20/20 MP: 3/6
   706 | D:1      | Learned a level 3 spell: Stone Arrow
  1121 | D:1      | Found a faded altar of an unknown god.
  1267 | D:2      | Noticed Jessica
  1274 | D:2      | Killed Jessica
  1275 | D:2      | Reached XP level 4. HP: 26/26 MP: 4/7
  1306 | D:2      | Noticed Natasha
  1320 | D:2      | Killed Natasha
  1321 | D:2      | Reached skill level 5 in Earth Magic
  1516 | D:2      | Noticed Natasha
  1521 | D:2      | Killed Natasha
  1522 | D:2      | Reached XP level 5. HP: 30/30 MP: 6/9
  1579 | D:2      | Noticed Sigmund
  2607 | D:4      | Reached skill level 6 in Earth Magic
  2760 | D:4      | Noticed Grinder
  2770 | D:4      | Killed Grinder
  2771 | D:4      | Reached XP level 6. HP: 30/38 MP: 4/12
  2844 | D:4      | Noticed Edmund
  2872 | D:4      | Slain by Edmund

Illustrated notes

Levels and vault maps discovered:
D:1:      mrwooster_arrival_statue_2, layout_loops_ring,
          hellmonk_ecumenical_altar_leap_of_faith, minivault_4
D:2:      layout_basic, uniq_sigmund, uniq_natasha, uniq_jessica
D:3:      layout_basic
D:4:      layout_loops_cross, nicolae_overflow_hidden_temple, uniq_edmund,
          uniq_grinder, uniq_crazy_yiuf_cottage

Skill      XL: |  1  2  3  4  5  6 |
---------------+-------------------+-----
Earth Magic    | 4 5 6 |  6.0
Fighting       | 1 2 3 4 |  4.0
Spellcasting   | 4 |  4.1
Dodging        | |  1.5
Stealth        | |  2.1
Transmutations | |  0.7

Action                   |  1- 3 |  4- 6 || total
-------------------------+-------+-------++-------
Melee: Short sword       |       |     2 ||     2
 Fire: Sling             |     3 |    12 ||    15
 Cast: Sandblast         |    44 |    48 ||    92
  Use: Scroll            |     2 |     7 ||     9
       Potion            |       |     3 ||     3
Armor: Robe              |    12 |    18 ||    30
Dodge: Dodged            |    15 |    29 ||    44

Table legend: (Time is in decaauts)
 A = Elapsed time spent in this place.
 B = Non-inter-level travel time spent in this place.
 C = Inter-level travel time spent in this place.
 D = Time resting spent in this place.
 E = Time spent auto-exploring this place.
 F = Levels seen in this place.
 G = Mean time per level.
                   A        B        C        D        E       F      G
               +--------+--------+--------+--------+--------+-----+--------+
         Total |   2963 |   2924 |     39 |   1114 |    866 |   4 |  740.8 |
       Dungeon |   2963 |   2924 |     39 |   1114 |    866 |   4 |  740.8 |
               +--------+--------+--------+--------+--------+-----+--------+

Top non-repeatable levels by time:
     D:1: 1297 daAuts
     D:3: 942 daAuts
     D:2: 378 daAuts
     D:4: 345 daAuts
